 Dungeon Crawl Stone Soup version 0.25.1-2-g60ff931df9 (webtiles) character file.

Game seed: 12611290971292376307

20 DogServant the Skirmisher (level 2, -1/24 HPs)
             Began as a Demonspawn Chaos Knight on Oct 18, 2020.
             Was a Plaything of Xom.
             Killed from afar by a white imp (12 damage)
             ... with a puff of frost
             ... summoned by Xom
             ... on level 1 of the Dungeon.
             The game lasted 00:01:05 (999 turns).

DogServant the Skirmisher (Demonspawn Chaos Knight)  Turns: 999, Time: 00:01:07

Health: -1/24      AC:  5    Str: 12    XL:     2   Next: 58%
Magic:  0/2        EV: 11    Int: 13    God:    Xom [*.....]
Gold:   52         SH:  0    Dex: 12    Spells: 1/1 levels left

rFire    . . .     SeeInvis .   a - +0 hand axe (chaos)
rCold    . . .     Gourm    .   (no shield)
rNeg     . . .     Faith    .   b - +2 leather armour
rPois    .         Spirit   +   (no helmet)
rElec    .         Reflect  .   (no cloak)
rCorr    .         Harm     .   (no gloves)
MR       .....                  (no boots)
Stlth    +.........             (no amulet)
HPRegen  0.08/turn              (no ring)
MPRegen  0.08/turn              (no ring)

@: hasted, very quick
A: magic shield
a: Renounce Religion


You were on level 1 of the Dungeon.
You worshipped Xom.
You were a special plaything of Xom.
You were not hungry.

You visited 1 branch of the dungeon, and saw 1 of its levels.

You collected 52 gold pieces.

Inventory:

Hand Weapons
 a - a +0 hand axe of chaos (weapon)
Armour
 b - a +2 leather armour (worn)
Scrolls
 d - a scroll of remove curse {unknown}
Comestibles
 c - a ration


   Skills:
 + Level 3.3 Fighting
 + Level 3.0 Axes
 + Level 2.2 Armour
 - Level 0.8 Dodging


You had one spell level left.
You didn't know any spells.
Your spell library was empty.

Dungeon Overview and Level Annotations

Branches:
Dungeon (1/15)

Altars:
The Shining One


Innate Abilities, Weirdness & Mutations

When hurt, damage is shared between your health and your magic reserves.


Message History

You barely miss the white imp.
The white imp is lightly wounded.
The white imp gestures at you. The puff of frost hits you!
The white imp hits you but does no damage.
It was a potion of haste.
You feel yourself speed up.
Xom is highly amused!
The white imp closely misses you.
You barely miss the white imp.
The white imp is lightly wounded.
You hit the white imp.
The white imp is moving more slowly.
The white imp is heavily wounded.
The white imp closely misses you.
You hit the white imp but do no damage.
The white imp is heavily wounded.
The white imp gestures at you. The puff of frost hits you!
Ouch! That really hurt!
You die... "What!?
That's it?"

#.###........# ##.##
### #.##...#.##### #.#
#.. #.##.###.# #.# #..
#........# ##'## #..
####.##### ##...## ##.
#.#### ##.....## #.
#.##.## ##.......###.
#.#...####.........##.
#...5@...'.........+..
#.....####.........##.
####.## ##.......###.
#.# ##.....## #. #.#
##...## ## #.####
##'## #(##.# #.#
#(##.#### #.# #####
#(##....###.###....


You could see a white imp (summoned, petrifying).

Vanquished Creatures
  A dart slug (D:1)
  3 goblins (D:1)
  A hobgoblin (D:1)
  5 jackals (D:1)
  A frilled lizard (D:1)
  2 kobolds (D:1)
  3 rats (D:1)
16 creatures vanquished.

Notes
Turn   | Place    | Note
-------+----------+-------------------------------------------
     0 | D:1      | DogServant the Demonspawn Chaos Knight began the quest for
                  | the Orb.
     0 | D:1      | Reached XP level 1. HP: 18/18 MP: 1/1
    78 | D:1      | XOM: divination: detect items
   182 | D:1      | XOM: potion effect (brilliance)
   282 | D:1      | Found a glowing golden altar of the Shining One.
   294 | D:1      | Gained mutation: When hurt, damage is shared between your
                  | health and your magic reserves. [demonic ancestry]
   294 | D:1      | Reached XP level 2. HP: 24/24 MP: 2/2
   710 | D:1      | XOM: silly message
   830 | D:1      | XOM: silly message
   988 | D:1      | XOM: summons 1 hostile demon
   999 | D:1      | Killed from afar by a white imp

Illustrated notes

Levels and vault maps discovered:
D:1:      mrwooster_arrival_statue, layout_loops_corners, tso_metal_star

Skill      XL: |  1  2 |
---------------+-------+-----
Armour         | 2 |  2.2
Axes           | 3 |  3.0
Fighting       | |  3.3
Dodging        | |  0.8

Action                   || total
-------------------------++-------
Melee: Hand axe          ||    48
  Use: Potion            ||     1
Armor: Leather armour    ||    14
Dodge: Dodged            ||    28
